 Seeded DCSS version 0.24.0-41-g2ae2f7f1be (console) character file.

Game seed: 93891015573, levelgen mode: deterministic

294 Kagalorn the Chucker (level 6, -18/49 HPs)
             Began as a Human Hunter on Dec 11, 2019.
             Was a Follower of Okawaru.
             Killed from afar by Pikel (23 damage)
             ... with a bolt of acid
             ... on level 5 of the Dungeon.
             The game lasted 00:17:38 (5573 turns).

Kagalorn the Chucker (Human Hunter)                 Turns: 5573, Time: 00:17:38

Health: -18/49     AC:  7    Str: 12    XL:     6   Next: 60%
Magic:  6/6        EV:  9    Int: 13    God:    Okawaru [*.....]
Gold:   207        SH:  0    Dex: 16    Spells: 5/5 levels left

rFire    . . .     SeeInvis .   a - +1 flail (crush)
rCold    . . .     Gourm    .   (no shield)
rNeg     . . .     Faith    .   D - +0 scale mail
rPois    .         Spirit   .   i - +0 helmet
rElec    .         Reflect  .   (no cloak)
rCorr    .         Harm     .   (no gloves)
MR       .....                  (no boots)
Stlth    ..........             t - amulet of rage
HPRegen  0.16/turn              (no ring)
MPRegen  0.10/turn              y - +2 ring of dexterity

@: no status effects
A: no striking features
a: Heroism, Renounce Religion, Evoke Berserk Rage


You were on level 5 of the Dungeon.
You worshipped Okawaru.
Okawaru was aware of your devotion.
You were not hungry.

You visited 1 branch of the dungeon, and saw 5 of its levels.

You collected 207 gold pieces.

Inventory:

Hand Weapons
 a - a +1 flail of crushing (weapon)
 b - a +0 hunting sling
Missiles
 c - 4 javelins (quivered)
 d - 2 throwing nets
 n - 14 poisoned darts
 p - 82 stones
 q - 34 sling bullets
Armour
 i - a +0 helmet (worn)
 D - a +0 scale mail (worn)
Jewellery
 o - an uncursed ring of ice
 t - an amulet of rage (around neck)
 y - a +2 ring of dexterity (right hand)
Wands
 x - a wand of paralysis (7)
Scrolls
 e - a scroll of fear {unknown}
 f - 3 scrolls of teleportation {unknown}
 g - 2 scrolls of enchant weapon {unknown}
 h - 2 scrolls of magic mapping {unknown}
 j - 2 scrolls of remove curse {unknown}
 k - a scroll of random uselessness {unknown}
 s - 5 scrolls of identify {unknown}
 u - 2 scrolls of amnesia {unknown}
 v - a scroll of immolation {unknown}
 A - a scroll of enchant armour {unknown}
Potions
 l - a potion of haste {unknown}
 m - 2 potions of flight {unknown}
 r - a potion of ambrosia {unknown}
 z - 2 potions of curing {unknown}
 B - a potion of resistance
 C - a potion of magic {unknown}
Comestibles
 w - 3 rations


   Skills:
 * Level 4.4 Fighting
 * Level 6.0 Throwing
 - Level 2.0 Dodging
 - Level 1.0 Stealth
 * Level 1.0 Invocations


You had 5 spell levels left.
You didn't know any spells.
Your spell library was empty.

Dungeon Overview and Level Annotations

Branches:
Dungeon (5/15)
 Temple: D:4-7

Altars:
Dithmenos
Kikubaaqudgha
Okawaru
Trog
Uskayaw
Vehumet

Annotations:
D:5 Pikel


Message History

Evoke which item? (* to show all) (? for menu, Esc to quit)
Aiming: Paralyse
Press: ? - help, Shift-Dir - straight line, f/p - slave
Aim: a slave (chance to defeat MR: 46%) Pikel resists with some effort.
Evoke which item? (* to show all) (? for menu, Esc to quit)
Aiming: Paralyse
Press: ? - help, Shift-Dir - straight line, f - Pikel, p - slave
Aim: Pikel, wielding a +2 whip of freezing, wearing a +0 robe and carrying a wand of acid (9) (moderately wounded, chance to defeat MR: 46%) Pikel resists with some effort.
Pikel hits you with a +2 whip of freezing!
* * * LOW HITPOINT WARNING * * *
Pikel freezes you.
* * * LOW HITPOINT WARNING * * *
Evoke which item? (* to show all) (? for menu, Esc to quit)
Aiming: Paralyse
Press: ? - help, Shift-Dir - straight line, f/p - Pikel
Aim: Pikel, wielding a +2 whip of freezing, wearing a +0 robe and carrying a wand of acid (9) (moderately wounded, chance to defeat MR: 46%) Pikel resists with some effort.
Pikel zaps a wand.
The bolt of acid hits you!!
You die...

#p##...#.#
#p......[# ######
#####p#### #....#
#.# #....## #p#
#.<...# #p# #†....#
#.#
#####.###########)#
#..@Kpppp.(...#
###############


You could see Pikel and 4 slaves.

Vanquished Creatures
  A hound (D:4)
  A bullfrog skeleton (D:3)
  Robin (D:2)
  6 gnolls
  5 adders
  An ooze (D:2)
  4 worms
  4 dart slugs
  11 orcs (D:3)
  7 giant cockroaches
  11 goblins
  16 hobgoblins
  2 quokkas
  7 bats
  6 frilled lizards
  3 kobolds
  5 rats
91 creatures vanquished.

Vanquished Creatures (others)
  A giant cockroach (D:3)
1 creature vanquished.

Grand Total: 92 creatures vanquished

Notes
Turn   | Place    | Note
-------+----------+-------------------------------------------
     0 | D:1      | Kagalorn the Human Hunter began the quest for the Orb.
     0 | D:1      | Reached XP level 1. HP: 16/16 MP: 1/1
   184 | D:1      | Reached XP level 2. HP: 16/22 MP: 2/2
   421 | D:1      | Reached XP level 3. HP: 8/27 MP: 3/3
   908 | D:2      | Found a faded altar of an unknown god.
   947 | D:2      | Noticed Robin
   952 | D:2      | Killed Robin
   968 | D:2      | Reached skill level 5 in Throwing
  1178 | D:2      | Reached XP level 4. HP: 20/34 MP: 4/4
  2181 | D:2      | Became a worshipper of Warmaster Okawaru
  2181 | D:2      | Reached * piety under Okawaru
  2417 | D:2      | Reached XP level 5. HP: 26/41 MP: 5/5
  2687 | D:2      | You fall into a shaft and drop 2 floors!
  2859 | D:4      | Noticed a -2 hand axe
  2859 | D:4      | Noticed a +0 dagger
  2867 | D:4      | Found a hide-covered altar of Uskayaw.
  3640 | D:3      | Reached XP level 6. HP: 13/48 MP: 6/6
  3999 | D:3      | Found an ancient bone altar of Kikubaaqudgha.
  4159 | D:3      | Found a bloodstained altar of Trog.
  4330 | D:3      | Found a shadowy altar of Dithmenos.
  4349 | D:3      | Reached skill level 6 in Throwing
  4513 | D:3      | Found a radiant altar of Vehumet.
  4999 | D:5      | Entered Level 5 of the Dungeon
  5054 | D:5      | Reached skill level 1 in Invocations
  5525 | D:5      | Noticed a slave
  5526 | D:5      | Noticed Pikel
  5537 | D:5      | Noticed a slave
  5541 | D:5      | Noticed a slave
  5542 | D:5      | Noticed a slave
  5573 | D:5      | Killed from afar by Pikel

Levels and vault maps discovered:
D:1:      minmay_arrival_four_houses, layout_loops_ring,
          hangedman_feature_mirror
D:2:      layout_loops_ring, chequers_ecumenical_altar_simple, uniq_robin
D:3:      layout_loops_corners, fiery_altar_vehumet, lemuel_round_altar,
          kiku_gazebo_garden_becter, lemuel_coloured_pillars_altar, first_ration
D:4:      layout_rooms, dancing_weapons_uskayaw, serial_forest,
          infiniplex_forest_zigzag_2, infiniplex_forest_clump_small,
          infiniplex_forest_clump_medium, infiniplex_forest_zigzag_1,
          infiniplex_forest_clump_double
D:5:      layout_basic, lemuel_crystal_altar, kennysheep_mini,
          minmay_temple_entry_mini_moons, basic_altar, uniq_blork_the_orc,
          uniq_pikel

Skill      XL: |  1  2  3  4  5  6 |
---------------+-------------------+-----
Throwing       | 5 6 |  6.0
Fighting       | 3 4 |  4.4
Invocations    | 1 |  1.0
Dodging        | |  2.0
Stealth        | |  1.0

Action                   |  1- 3 |  4- 6 || total
-------------------------+-------+-------++-------
Melee: Short sword       |   121 |   228 ||   349
       Flail             |       |     1 ||     1
 Fire: Hunting sling     |       |   114 ||   114
Throw: Javelin           |     4 |     1 ||     5
       Dart              |       |     8 ||     8
Invok: Heroism           |       |     1 ||     1
 Abil: Evoke Berserk Rag |       |     2 ||     2
Evoke: Wand              |       |     3 ||     3
 Stab: Sleeping          |     1 |       ||     1
  Eat: Chunk             |     1 |    10 ||    11
       Ration            |       |     2 ||     2
Armor: Leather armour    |    39 |    47 ||    86
       Scale mail        |       |    25 ||    25
Dodge: Dodged            |    99 |   193 ||   292
